 Dungeon Crawl Stone Soup version 0.28-a0-697-g47f3eba078 (webtiles) character file.

Game seed: 7212907428939503522

2254 ytrimaz the Cleaver (level 9, -1/70 HPs)
             Began as a Formicid Fighter on Oct 24, 2021.
             Slain by a yak (13 damage)
             ... on level 8 of the Dungeon.
             The game lasted 00:08:10 (4967 turns).

ytrimaz the Cleaver (Formicid Fighter)              Turns: 4967, Time: 00:08:11

Health: -1/70      AC: 15    Str: 24    XL:     9   Next: 64%
Magic:  9/9        EV: 10    Int:  8    God:
Gold:   424        SH:  5    Dex: 10    Spells: 8/8 levels left

rFire   . . .      SeeInvis +   k - +0 battleaxe
rCold   . . .      Faith    .   c - +0 buckler
rNeg    . . .      Spirit   .   b - +0 scale mail
rPois   +          Reflect  .   (helmet unavailable)
rElec   .          Harm     .   (no cloak)
rCorr   .          Rampage  .   m - +2 pair of gloves
Will    .....                   (no boots)
Stlth   ..........              l - amulet of regeneration
HPRegen 1.21/turn               e - +4 ring of protection
MPRegen 0.11/turn               r - ring of poison resistance

@: no status effects
A: permanent stasis, dig shafts and tunnels, antennae 3, four strong arms
a: Dig, Shaft Self


You were on level 8 of the Dungeon.
You visited 1 branch of the dungeon, and saw 8 of its levels.
You also visited: Sewer.

You collected 424 gold pieces.

Inventory:

Hand Weapons
 a - a +1 war axe
 k - a +0 battleaxe (weapon)
Armour
 b - a +0 scale mail (worn)
 c - a +0 buckler (worn)
 h - a +0 tower shield
 m - a +2 pair of gloves (worn)
 o - a +0 kite shield
Jewellery
 e - a +4 ring of protection (left hand)
 l - an amulet of regeneration (around neck)
 r - a ring of poison resistance (right hand)
 v - a ring of magical power
 z - a ring of wizardry
Wands
 d - a wand of acid (4)
 n - a wand of flame (14)
 s - a wand of paralysis (5)
 u - a wand of mindburst (15)
Scrolls
 j - a scroll of enchant armour
 w - 3 scrolls of identify
 y - a scroll of enchant weapon
Potions
 f - 2 potions of brilliance
 g - 2 potions of curing
 i - a potion of degeneration {unknown}
 p - 2 potions of heal wounds
 q - a potion of flight {unknown}
 t - 2 potions of mutation {unknown}
 x - a potion of attraction {unknown}


   Skills:
 + Level 6.3 Fighting
 + Level 8.5 Axes
 + Level 6.8 Armour
 * Level 7.1 Shields


You had 8 spell levels left.
You didn't know any spells.
Your spell library contained the following spells:

 Spells                   Type           Power      Damage    Failure   Level
 Freeze                   Ice            0%         1d3       67%         1
 Slow                     Hex            0%         N/A       82%         2
 Confusing Touch          Hex            0%         N/A       96%         3
 Dazzling Flash           Conj/Hex       0%         N/A       96%         3
 Frozen Ramparts          Ice            0%         1d2       96%         3
 Ignite Poison            Fire/Tmut/Pois 0%         N/A       96%         3
 Mephitic Cloud           Conj/Pois/Air  0%         N/A       96%         3
 Vampiric Draining        Necr           0%         2d6       96%         3
 Hailstorm                Conj/Ice       0%         3d3       100%        4
 Ice Form                 Ice/Tmut       0%         N/A       100%        4
 Iskenderun's Mystic Bla  Conj/Tloc      0%         2d3       100%        4
 Summon Ice Beast         Ice/Summ       0%         N/A       100%        4
 Freezing Cloud           Conj/Ice/Air   0%         6-21      100%        5
 Starburst                Conj/Fire      0%         6d3       100%        6


Dungeon Overview and Level Annotations

Branches:
Dungeon (7/15)              Sewer (visited)
 Temple: D:4-7

Altars:
Trog

Shops:
D:6 (*


Innate Abilities, Weirdness & Mutations

You cannot be hasted, slowed, berserked, paralysed or teleported.
You can dig through walls and to a lower floor.
You have a pair of large antennae on your head. (SInv)
Your four strong arms can wield two-handed weapons with a shield.


Message History

The shaft crumbles and collapses. 5 yaks come into view.
The yak bellows! x4
As you read the scroll labelled PAPTAI WAMUA, it crumbles to dust.
The scroll dissolves into smoke.
It was a scroll of fog.
The yak barely misses you. x2
Unknown command.
Okay, then.
Aiming: Mindburst
Press: ? - help, Shift-Dir - straight line, f - yak
Aim: a yak (blue smoke, chance to affect: 65%)
Okay, then.
Unknown command.
You hit the yak but do no damage. You barely miss the yak. You hit the yak.
You slash the yak! x2; The yak closely misses you.
The yak gores you but does no damage. The yak gores you.
You block the yak's attack. The yak barely misses you.
You slash the yak!
The yak is moderately wounded.
You barely miss the yak. You hit the yak but do no damage. x2
You barely miss the yak. The yak gores you. The yak gores you!
The yak closely misses you. The yak gores you but does no damage.
The yak barely misses you.
Unknown command.
You barely miss the yak.
The yak is moderately wounded.
You barely miss the yak.
You slash the yak! x2; You barely miss the yak.
The yak gores you.
The yak gores you but does no damage. x2
The yak gores you. x2
Unknown command.
You slash the yak!
The yak is severely wounded.
You closely miss the yak.
You barely miss the yak. x2; You slash the yak!
You block the yak's attack. The yak gores you! The yak closely misses you.
The yak gores you! x2
* * * LOW HITPOINT WARNING * * *
The yak gores you!
* * * LOW HITPOINT WARNING * * *
The yak gores you but does no damage. x2; The yak gores you!
You die...

##+#
##...##
##.....##
##...§§§§##
#....§YY§§#
+....§Y@Y§+
#....§§§Y§#
##...§§§§##
#.......##
...#....#
## .#+#.#
## #.# #.#


You could see 5 yaks.

Vanquished Creatures
  Pikel (D:6)
  A steam dragon (D:6)
  A water moccasin (D:7)
  Purgy (Sewer)
  An orc warrior (D:7)
  A black bear (D:5)
  3 necrophages
  An ogre (D:4)
  A phantom (D:6)
  A lemure (D:6)
  A bullfrog (D:6)
  A scorpion (D:5)
  A water moccasin zombie (D:4)
  A howler monkey (D:6)
  A centaur zombie (D:5)
  A jelly (D:5)
  A bullfrog zombie (D:6)
  A bullfrog skeleton (D:3)
  Terence (D:3)
  2 gnoll shamans
  An iguana (D:4)
  Natasha (thrice) (D:3)
  3 hound skeletons
  13 gnolls
  7 adders
  A shadow imp (D:6)
  2 white imps (D:6)
  An ufetubus (D:4)
  An adder skeleton (D:5)
  A worm (D:5)
  4 dart slugs
  7 orcs
  12 ball pythons
  5 endoplasms
  A giant cockroach (D:3)
  8 goblins
  5 hobgoblins
  8 jackals
  9 bats
  6 frilled lizards
  3 kobolds
  5 rats
129 creatures vanquished.

Notes
Turn   | Place    | Note
-------+----------+-------------------------------------------
     0 | D:1      | ytrimaz the Formicid Fighter began the quest for the Orb.
     0 | D:1      | Reached XP level 1. HP: 18/18 MP: 1/1
   168 | D:1      | Reached XP level 2. HP: 24/24 MP: 2/2
   267 | D:1      | Found a faded altar of an unknown god.
   461 | D:1      | Reached XP level 3. HP: 26/30 MP: 3/3
   977 | D:1      | Reached XP level 4. HP: 33/37 MP: 4/4
  1016 | D:2      | Reached skill level 3 in Axes
  1668 | D:3      | Reached XP level 5. HP: 42/42 MP: 5/5
  1848 | D:3      | Noticed Terence
  1854 | D:3      | Killed Terence
  1869 | D:3      | Found a bloodstained altar of Trog.
  1933 | D:3      | Noticed Natasha
  1944 | D:3      | Killed Natasha
  2061 | D:3      | Reached skill level 4 in Axes
  2061 | D:3      | Reached XP level 6. HP: 48/48 MP: 6/6
  2105 | D:3      | Noticed Natasha
  2111 | D:3      | Killed Natasha
  2245 | D:3      | Noticed Natasha
  2255 | D:3      | Killed Natasha
  2798 | D:4      | Noticed an ogre
  2804 | D:4      | Killed an ogre
  2805 | D:4      | Reached skill level 5 in Axes
  2805 | D:4      | Reached skill level 5 in Armour
  2805 | D:4      | Reached XP level 7. HP: 43/55 MP: 7/7
  3195 | D:5      | Entered Level 5 of the Dungeon
  3484 | D:5      | Reached skill level 5 in Shields
  3484 | D:5      | Reached XP level 8. HP: 60/61 MP: 8/8
  3530 | D:5      | Reached skill level 5 in Fighting
  3530 | D:5      | Reached skill level 6 in Axes
  3575 | D:5      | Found a glowing drain.
  3606 | Sewer    | Entered a sewer
  3640 | Sewer    | Noticed Purgy
  3654 | Sewer    | Killed Purgy
  4128 | D:6      | Found Fasosaw's Weapon Boutique.
  4137 | D:6      | Noticed Pikel
  4306 | D:6      | Found Icis's Elemental Accessories.
  4315 | D:6      | Reached skill level 7 in Axes
  4330 | D:6      | Reached XP level 9. HP: 68/69 MP: 9/9
  4588 | D:6      | Killed Pikel
  4589 | D:6      | Reached skill level 8 in Axes
  4962 | D:7      | You fall into a shaft and drop 1 floor!
  4967 | D:8      | Slain by a yak

Illustrated notes

Levels and vault maps discovered:
D:1:      amcnicky_arrival_abandoned_market, layout_basic,
          shapermc_ecumenical_altar_notcrosses, serial_rivers,
          chequers_serial_rivers_micro_a, chequers_serial_rivers_small_3,
          chequers_serial_rivers_small_b, chequers_serial_rivers_micro_d,
          chequers_serial_rivers_small_b, minmay_lizard_pond
D:2:      layout_rooms, st_stairs_4
D:3:      layout_basic, lemuel_doored_altar, hex_intersection, uniq_terence,
          uniq_natasha
D:4:      minmay_door_path, layout_loops_ring, minmay_between
D:5:      layout_rooms, cheibrodos_sewer_entry_bend, nrook_pool_corridor
D:6:      layout_loops_ring, serial_shops, nicolae_inconvenience_store,
          nicolae_elemental_shop, uniq_pikel
D:7:      layout_loops_ring, temple_statues
D:8:      corexii_shack_village, layout_loops_corners, lair_entry_dummy,
          serial_glass, glass_columns_c, glass_columns_c

Skill      XL: |  1  2  3  4  5  6  7  8  9 |
---------------+----------------------------+-----
Armour         | 4 5 6 |  6.8
Fighting       | 4 5 6 |  6.3
Axes           | 3 4 5 7 8 |  8.5
Shields        | 4 5 6 7 |  7.1

Action                   |  1- 3 |  4- 6 |  7- 9 || total
-------------------------+-------+-------+-------++-------
Melee: War axe           |    76 |   142 |    79 ||   297
       Battleaxe         |       |       |   169 ||   169
 Abil: Dig               |     1 |     1 |     2 ||     4
  Use: Scroll            |     4 |     1 |     6 ||    11
       Potion            |       |     1 |     2 ||     3
 Stab: Invisible         |       |       |     4 ||     4
Armor: Scale mail        |    61 |    92 |   187 ||   340
Dodge: Dodged            |    53 |    73 |   172 ||   298
Block: Buckler           |    23 |    38 |    86 ||   147

Table legend: (Time is in decaauts)
 A = Elapsed time spent in this place.
 B = Non-inter-level travel time spent in this place.
 C = Inter-level travel time spent in this place.
 D = Time resting spent in this place.
 E = Time spent auto-exploring this place.
 F = Levels seen in this place.
 G = Mean time per level.
                   A        B        C        D        E       F      G
               +--------+--------+--------+--------+--------+-----+--------+
         Total |   5140 |   4926 |    214 |    277 |   3092 |   9 |  571.1 |
       Dungeon |   5041 |   4827 |    214 |    277 |   3092 |   8 |  630.1 |
         Sewer |     99 |     99 |      0 |      0 |      0 |   1 |   99.0 |
               +--------+--------+--------+--------+--------+-----+--------+

Top non-repeatable levels by time:
     D:1: 1020 daAuts
     D:6: 931 daAuts
     D:3: 906 daAuts
     D:4: 753 daAuts
     D:5: 627 daAuts
     D:2: 606 daAuts
     D:7: 189 daAuts
   Sewer: 99 daAuts
     D:8: 5 daAuts
